 Dungeon Crawl Stone Soup version 0.23.2-33-g5129a83184 (webtiles) character file.

Game seed: 3178327515867019094

56 DildoBatman the Conjurer (level 4, -1/30 HPs)
             Began as a Formicid Wizard on Aug 9, 2019.
             Slain by a hobgoblin
             ... wielding a +0 short sword
              (4 damage)
             ... on level 2 of the Dungeon.
             The game lasted 00:03:56 (1281 turns).

DildoBatman the Conjurer (Formicid Wizard)          Turns: 1281, Time: 00:03:57

Health: -1/30      AC:  3    Str: 12    XL:     4   Next: 17%
Magic:  2/8        EV: 12    Int: 18    God:
Gold:   63         SH:  0    Dex:  9    Spells: 2/9 levels left

rFire    . . .     SeeInvis +   c - +0 club
rCold    . . .     Gourm    +   (no shield)
rNeg     . . .     Faith    .   a - +0 robe
rPois    .         Spirit   .   (helmet unavailable)
rElec    .         Reflect  .   (no cloak)
rCorr    .         Harm     .   g - +0 pair of gloves
MR       .....                  (no boots)
Stlth    ++........             e - amulet of the gourmand
HPRegen  0.10/turn              (no ring)
MPRegen  0.11/turn              (no ring)

@: very slightly contaminated
A: permanent stasis, dig shafts and tunnels, four strong arms, antennae 3
a: Dig, Shaft Self


You were on level 2 of the Dungeon.
You were completely stuffed.

You visited 1 branch of the dungeon, and saw 2 of its levels.

You collected 63 gold pieces.

Inventory:

Hand Weapons
 c - a +0 club (weapon)
Missiles
 f - 29 stones (quivered)
 h - 23 sling bullets
Armour
 a - a +0 robe (worn)
 g - a +0 pair of gloves (worn)
Jewellery
 e - an amulet of the gourmand (around neck)
Scrolls
 b - 5 scrolls of identify {unknown}
 d - a scroll of magic mapping {unknown}
 i - a scroll of remove curse {unknown}
 l - a scroll of blinking {unknown}
Potions
 k - a potion of curing {unknown}
Comestibles
 v - a ration


   Skills:
 - Level 1.7 Dodging
 - Level 2.4 Stealth
 - Level 3.2 Spellcasting
 * Level 3.3 Conjurations
   Level 1.0 Summonings
   Level 0.8 Translocations


You had 2 spell levels left.
You knew the following spells:

 Your Spells              Type           Power        Failure   Level  Hunger
a - Conjure Flame         Conj/Fire      #.......     24%         3    ###....
c - Magic Dart            Conj           ###.         4%          1    None
e - Mephitic Cloud        Conj/Pois/Air  #.......     30%         3    ###....

Your spell library contained the following spells:

 Spells                   Type           Power        Failure   Level  Hunger
 Call Imp                 Summ           #.......     16%         2    ##.....
 Slow                     Hex            #.......     24%         2    ##.....
 Blink                    Tloc           Unusable     N/A         2    N/A

Dungeon Overview and Level Annotations

Branches:
Dungeon (2/15)

Altars:


Innate Abilities, Weirdness & Mutations

You cannot be hasted, slowed, berserked, paralysed or teleported.
You can dig through walls and to a lower floor.
Your four strong arms can wield two-handed weapons with a shield.
You have a pair of large antennae on your head. (SInv)


Message History

r - Retreat! s - Stop attacking. g - Guard the area. f - Follow me.
Anything else - Cancel.
You shout for attention!
You hear a shout!
The giant cockroach bites you. The rat closely misses you.
The hobgoblin closely misses you. The giant cockroach barely misses you.
What are your orders? t - Shout!
Orders for allies: a - Attack new target. r - Retreat! s - Stop attacking. g - Guard the area. f - Follow me.
Anything else - Cancel.
You shout for attention!
You hear a shout!
The rat closely misses you.
The hobgoblin hits you with a +0 short sword.
You die...

##...## ##.## #.# {.{
#.# {#{ ##'## .## {
##...## .. # .
##.....## .# .#[#
#.#.......######.#.)...
#..........##.@g.......
............'.rs..!..#.
##..........####...#.#
#.#.......## ##.##
..##.....## ## ##...##
##+##


You could see a giant cockroach, a hobgoblin and a rat.

Vanquished Creatures
  3 adders (D:2)
  2 dart slugs (D:1)
  A leopard gecko (D:1)
  2 goblins (D:1)
  5 hobgoblins
  4 jackals (D:1)
  2 bats
  2 frilled lizards (D:1)
  A kobold (D:1)
  3 rats
25 creatures vanquished.

Notes
Turn   | Place    | Note
-------+----------+-------------------------------------------
     0 | D:1      | DildoBatman the Formicid Wizard began the quest for the
                  | Orb.
     0 | D:1      | Reached XP level 1. HP: 13/13 MP: 4/4
    36 | D:1      | Reached skill level 1 in Conjurations
   249 | D:1      | Reached XP level 2. HP: 19/19 MP: 3/6
   637 | D:1      | Reached XP level 3. HP: 17/24 MP: 2/7
   642 | D:1      | Learned a level 3 spell: Conjure Flame
   646 | D:1      | Learned a level 3 spell: Mephitic Cloud
  1265 | D:2      | Reached XP level 4. HP: 27/30 MP: 0/8
  1281 | D:2      | Slain by a hobgoblin

Skill      XL: |  1  2  3 |
---------------+----------+-----
Conjurations   | 1 2 3 |  3.3
Dodging        | |  1.7
Stealth        | |  2.4
Spellcasting   | |  3.2
Summonings     | |  1.0
Translocations | |  0.8

Action                   |  1- 3 |  4- 6 || total
-------------------------+-------+-------++-------
Melee: Club              |     7 |       ||     7
 Cast: Magic Dart        |    62 |     1 ||    63
 Abil: Dig               |     2 |     1 ||     3
  Eat: Chunk             |    20 |       ||    20
Armor: Robe              |     5 |     6 ||    11
Dodge: Dodged            |    13 |    25 ||    38
